 Dungeon Crawl Stone Soup version 0.26-a0-980-g0fe3eaa9ac (webtiles) character file.

Game seed: 2837072360526698960

523144 ringo67 the Acrobat (level 24, -9/136 HPs)
             Began as a Spriggan Venom Mage on Dec 5, 2020.
             Was the Champion of Dithmenos.
             Killed from afar by a purple draconian (37 damage)
             ... with a bolt of dispelling energy
             ... on level 4 of the Realm of Zot on Dec 7, 2020.
             The game lasted 05:32:24 (115526 turns).

ringo67 the Acrobat (Spriggan Venom Mage)         Turns: 115526, Time: 05:32:24

Health: -9/136     AC: 16    Str:  6    XL:     24   Next: 17%
Magic:  25/40      EV: 33    Int: 25    God:    Dithmenos [******]
Gold:   4425       SH: 14    Dex: 14    Spells: 7/48 levels left

rFire    + + .     SeeInvis +   k - +9 quick blade "Dymmaul" {pain, rC+ MR+}
rCold    + + .     Faith    .   j - +2 buckler {AC+3}
rNeg     . . .     Spirit   .   Y - +2 robe {MR+}
rPois    .         Reflect  +   T - +2 hat
rElec    +         Harm     .   Z - +2 cloak {rCorr}
rCorr    +         Rampage  .   (gloves unavailable)
MR       +++++                  (boots unavailable)
Stlth    ++++++++++             x - amulet "Fael" {Reflect rElec rF+ rC+ Dex-5 SH+5}
HPRegen  0.32/turn              L - +4 ring of protection
MPRegen  0.27/turn              V - ring "Nats" {+Fly rF+}

@: very slightly contaminated, wreathed by umbra, constricted, very quick
A: very small, unfitting armour, see invisible, speed 3, strong 1, subdued magic
1
}: 3/15 runes: serpentine, barnacled, abyssal
a: Shadow Step, Shadow Form, Renounce Religion, Evoke Flight


You were on level 4 of the Realm of Zot.
You worshipped Dithmenos.
Dithmenos was exalted by your worship.
You visited 9 branches of the dungeon, and saw 47 of its levels.
You visited the Abyss 1 time.
You also visited: Sewer, Gauntlet, Wizlab and Desolation.

You collected 8605 gold pieces.
You spent 4180 gold pieces at shops.

Inventory:

Hand Weapons
 k - the +9 quick blade "Dymmaul" (weapon) {pain, rC+ MR+}
   (You acquired it on level 4 of the Snake Pit)

   In the hands of one skilled in necromantic magic, it inflicts extra damage on
   living creatures.
   It protects you from cold.
   It affects your resistance to hostile enchantments.
Missiles
 o - 10 curare-tipped darts
 C - 12 throwing nets
Armour
 j - a +2 buckler of protection (worn)
 q - quicksilver dragon scales
 T - a +2 hat (worn)
 Y - a +2 robe of magic resistance (worn)
 Z - a +2 cloak of preservation (worn)
Jewellery
 x - the amulet "Fael" (around neck) {Reflect rElec rF+ rC+ Dex-5 SH+5}
   (You found it on level 4 of the Depths)

   [amulet of reflection]

   It shields you and reflects attacks.
   It affects your dexterity (-5).
   It protects you from fire.
   It protects you from cold.
   It insulates you from electricity.
   It affects your SH (+5).
 L - a +4 ring of protection (left hand)
 V - the ring "Nats" (right hand) {+Fly rF+}
   (You found it on level 2 of the Lair of Beasts)

   [ring of flight]

   It protects you from fire.
   It lets you fly.
Wands
 a - a wand of flame (58)
 p - a wand of random effects (45)
 u - a wand of acid (12)
 z - a wand of enslavement (18)
 F - a wand of iceblast (24)
 G - a wand of disintegration (19)
 H - a wand of paralysis (10)
 M - a wand of digging (30)
 X - a wand of polymorph (43)
Scrolls
 b - 2 scrolls of silence
 c - a scroll of holy word
 e - 12 scrolls of fog
 f - 20 scrolls of identify
 g - 6 scrolls of fear
 h - 18 scrolls of teleportation
 i - 13 scrolls of enchant weapon
 l - 29 scrolls of remove curse
 y - 4 scrolls of vulnerability
 A - 15 scrolls of amnesia
 D - 2 scrolls of blinking
 N - 3 scrolls of summoning
 O - a scroll of brand weapon
 P - 2 scrolls of magic mapping
 S - 5 scrolls of enchant armour
Potions
 d - 21 potions of curing
 m - 2 potions of berserk rage
 n - 7 potions of lignification
 r - 10 potions of brilliance
 s - 4 potions of mutation
 t - 9 potions of might
 v - 11 potions of flight
 w - 9 potions of haste
 E - 3 potions of magic
 J - 2 potions of resistance
 Q - 4 potions of cancellation
 U - 2 potions of invisibility
 W - a potion of ambrosia
Miscellaneous
 B - a phantom mirror
 I - a phial of floods
 R - a condenser vane


   Skills:
 - Level 17.1 Fighting
 - Level 8.0 Short Blades
 - Level 26.4 Dodging
 + Level 23.9 Stealth
 - Level 7.2 Shields
 + Level 12.5 Spellcasting
 - Level 12.6 Hexes
 + Level 10.7 Summonings
 - Level 6.8 Necromancy
 + Level 15.4 Translocations
 - Level 5.0 Transmutations
 - Level 4.0 Air Magic
 - Level 9.0 Poison Magic
 - Level 8.4 Invocations
 - Level 10.0 Evocations


You had 7 spell levels left.
You knew the following spells:

 Your Spells              Type           Power        Failure   Level
a - Sting                 Tmut/Pois      ####         1%          1
b - Poisonous Vapours     Pois/Air       #####.       1%          2
c - Mephitic Cloud        Conj/Pois/Air  ####....     1%          3
d - Olgreb's Toxic Radia  Pois           #####...     1%          4
e - Cause Fear            Hex            ######....   1%          4
f - Yara's Violent Unrav  Hex/Tmut       #####.....   1%          5
g - Invisibility          Hex            ######..     2%          6
i - Summon Mana Viper     Hex/Summ       ######..     1%          5
j - Blink                 Tloc           N/A          0%          2
k - Animate Skeleton      Necr           #####.       1%          1
l - Malign Gateway        Summ/Tloc      ######....   13%         7
m - Apportation           Tloc           ######       0%          1

Your spell library contained the following spells:

 Spells                   Type           Power        Failure   Level
 Corona                   Hex            ######.      0%          1
 Slow                     Hex            ######..     0%          2
 Gell's Gravitas          Tloc           ######....   0%          3
 Lesser Beckoning         Tloc           ######....   0%          3
 Teleport Other           Tloc           ######..     0%          3
 Beastly Appendage        Tmut           ####..       1%          1
 Shock                    Conj/Air       ###.         1%          1
 Summon Small Mammal      Summ           ####         1%          1
 Call Imp                 Summ           ######..     1%          2
 Ensorcelled Hibernation  Hex/Ice        #####.       1%          2
 Passwall                 Tmut/Erth      ###.....     1%          2
 Swiftness                Air            ####....     1%          2
 Wereblood                Tmut           ####....     1%          2
 Call Canine Familiar     Summ           ######..     1%          3
 Confusing Touch          Hex            ######..     1%          3
 Dazzling Flash           Conj/Hex       #####.       1%          3
 Ignite Poison            Fire/Tmut/Pois ####....     1%          3
 Inner Flame              Hex/Fire       #####...     1%          3
 Portal Projectile        Hex/Tloc       ######       1%          3
 Spider Form              Tmut/Pois      #####.....   1%          3
 Summon Guardian Golem    Hex/Summ       ######..     1%          3
 Tukima's Dance           Hex            ######..     1%          3
 Vampiric Draining        Necr           #####.....   1%          3
 Fulminant Prism          Conj/Hex       #####.....   1%          4
 Iskenderun's Mystic Bla  Conj/Tloc      #####...     1%          4
 Leda's Liquefaction      Hex/Erth       #####.....   1%          4
 Passage of Golubria      Tloc           N/A          1%          4
 Summon Lightning Spire   Summ/Air       #####...     1%          4
 Summon Demon             Summ           ######....   1%          5
 Summon Forest            Summ/Tloc      ######....   1%          5
 Foxfire                  Conj/Fire      ##..         2%          1
 Magic Dart               Conj           ##..         2%          1
 Sandblast                Erth           ##....       2%          1
 Silence                  Hex/Air        #####.....   2%          5
 Static Discharge         Conj/Air       ###.....     3%          3
 Summon Ice Beast         Ice/Summ       ####....     3%          4
 Searing Ray              Conj           ##....       4%          2
 Alistair's Intoxication  Tmut/Pois      #####....    4%          5
 Excruciating Wounds      Necr           #####.....   4%          5
 Shadow Creatures         Summ           N/A          5%          6
 Airstrike                Air            ####......   6%          4
 Metabolic Englaciation   Hex/Ice        #####.....   6%          5
 Conjure Flame            Conj/Fire      ##......     10%         3
 Stone Arrow              Conj/Erth      ##....       10%         3
 Ice Form                 Ice/Tmut       ###.....     11%         4
 Petrify                  Tmut/Erth      ###.....     11%         4
 Blade Hands              Tmut           ####......   11%         5
 Borgnjor's Vile Clutch   Necr/Erth      ####......   22%         5
 Sticky Flame             Conj/Fire      ##......     32%         4
 Monstrous Menagerie      Summ           ######....   32%         7
 Summon Greater Demon     Summ           ######....   32%         7
 Summon Hydra             Summ           ######....   32%         7
 Lightning Bolt           Conj/Air       ###.......   38%         5
 Bolt of Magma            Conj/Fire/Erth ##........   67%         5
 Iskenderun's Battlesphe  Conj           ##......     67%         5
 Lee's Rapid Deconstruct  Erth           ##........   67%         5
 Simulacrum               Ice/Necr       ####......   78%         6
 Freezing Cloud           Conj/Ice/Air   ###.......   97%         6
 Spellforged Servitor     Conj/Summ      ####......   97%         7
 Dragon Form              Tmut           ####......   98%         7
 Iron Shot                Conj/Erth      ##........   99%         6
 Ozocubu's Refrigeration  Ice            ##........   99%         6
 Starburst                Conj/Fire      ##........   99%         6
 Orb of Destruction       Conj           ##........   100%        7
 Summon Horrible Things   Summ           ######....   95%         8
 Ignition                 Fire           ##........   100%        8
 Dragon's Call            Summ           ######....   100%        9
 Shatter                  Erth           ##........   100%        9
 Tornado                  Air            ####......   100%        9


Dungeon Overview and Level Annotations

Branches:
Dungeon (15/15)            Temple (0/1) D:5            Lair (6/6) D:11
 Shoals (4/4) Lair:2        Snake (4/4) Lair:2        Slime (0/5) Lair:6
    Orc (2/2) D:12            Elf (3/3) Orc:2        Vaults (4/5) D:14
  Crypt (0/3) Vaults:3     Depths (5/5) D:15            Zot (4/5) Depths:5
  Sewer (visited)          WizLab (visited)         Desolation (visited)
Gauntlet (visited)

Altars:
Cheibriados
Dithmenos
Fedhas
Gozag
Hepliaklqana
Kikubaaqudgha
Makhleb
Okawaru
Qazlal
Ru
Sif Muna
Uskayaw
Vehumet
Xom
Yredelemnul
Zin
The Shining One

Shops:
D:11 [(   D:13 *   Orc:2 !![:!   Elf:2 =   Shoals:4 *   Snake:3 [   Snake:4 ?
Vaults:1 }(=   Vaults:4 (

Portals:
Hell: Lair:6 Depths:1 Depths:2 Depths:3 Depths:4 Depths:5
Abyss: Depths:1 Depths:3 Depths:4
Pandemonium: Depths:2 Depths:3 Depths:4
Ziggurat: Depths:3

Annotations:
D:6 1 runed translucent door, pigah's ghost, novice DsNe
D:9 3 runed translucent doors
D:12 3 runed translucent doors, runemasterragnar's ghost, journeyman GrDe
D:15 Roxanne
Elf:2 2 transporters, 2 runed translucent doors, Nuryot's ghost, veteran DsGl
Vaults:3 Mennas
Depths:2 2 transporters, exclusion: obsidian statue
Abyss:1 Jorgrun; Kirke


Innate Abilities, Weirdness & Mutations

You are very small and have problems with some larger weapons.
You are too small for most types of armour.
You have supernaturally acute eyesight. (SInv)
You cover ground extremely quickly.
Your muscles are strong. (Str +2)
Your spells are a little easier to cast, but a little less powerful.


Message History

Your eldritch tentacle draws strength from the green draconian stormcaller's injuries!
Something hits your eldritch tentacle but does no damage.
Something tail-slaps your eldritch tentacle.
You hear a roar!
The tentacled monstrosity's grasp on you weakens, but your attempt to escape fails.
The purple draconian breathes dispelling energy at you.
The bolt of dispelling energy hits you!!
Your magical effects are unravelling.
* * * LOW HITPOINT WARNING * * *
You emit a cloud of dark smoke.
The tentacled monstrosity completely misses you.
You block the tentacled monstrosity's attack.
The tentacled monstrosity tentacle-slaps you.
* * * LOW HITPOINT WARNING * * *
x2 The tentacled monstrosity constricts you.
You feel much better.
You flicker back into view.
The purple draconian breathes dispelling energy at you.
The bolt of dispelling energy hits you!!!
You die...

.. .... ...
...#
...#######...#
.............
...........####
...D)§§§§§.....
.....dX§§§.....
..y..d§@§....#
.qq..........#
#####....<....#
##........#
##....q...
##.......
#....q. .....w


You could see a tentacled monstrosity, a red draconian knight (icy armour,
invisible), a purple draconian (catching breath), a white draconian, a green
draconian stormcaller, 2 draconians, a moth of wrath (wandering) and a friendly
eldritch tentacle.

Vanquished Creatures
  Saint Roka (Snake:2)
  2 caustic shrikes (Depths:4)
  3 golden dragons
  A bone dragon (Depths:5)
  Rupert (Lair:4)
  5 liches
  A tentacled monstrosity (Zot:2)
  A titan (Depths:4)
  2 deep elf master archers (Elf:3)
  A deep elf blademaster (Elf:3)
  2 quicksilver dragons
  2 krakens
  4 sphinxes
  Gastronok (D:12)
  4 death cobs
  Agnes (Snake:1)
  5 storm dragons
  A shadow dragon (Vaults:4)
  A draconian monk (Zot:2)
  4 tengu reavers
  7 fire giants
  3 nagarajas
  5 vault wardens
  3 deep elf sorcerers
  3 imperial myrmidons (Desolation)
  8 frost giants
  3 draconian scorchers (Zot:1)
  A ghost moth (Zot:2)
  Louise (Elf:1)
  2 draconian knights (Zot:1)
  2 draconian shifters
  6 deep elf elementalists
  6 draconian stormcallers
  3 draconian annihilators
  11 very ugly things
  10 stone giants
  3 vampire knights
  9 ironheart preservers
  7 deep elf annihilators
  5 deep elf demonologists
  5 black draconians
  4 green draconians
  Azrael (Snake:1)
  4 red draconians
  5 spark wasps
  2 yellow draconians
  14 purple draconians
  Snorg (Orc:2)
  An entropy weaver (Vaults:4)
  6 white draconians
  A halazid warlock (Desolation)
  2 crystal guardians
  6 ettins
  6 merfolk javelineers
  7 statues (WizLab)
  5 ragged hierophants (Desolation)
  7 great orbs of eyes
  6 deep elf death magi
  6 fire dragons
  8 merfolk impalers
  Fannar (D:10)
  8 yaktaur captains
  4 servants of whispers (Desolation)
  A deep elf high priest (Elf:3)
  5 peacekeepers (Desolation)
  9 vault guards
  12 hydras
  5 naga warriors
  3 rakshasas
  7 boulder beetles
  6 ice dragons
  2 alligator snapping turtles (Shoals:4)
  5 spriggan air magi
  2 merfolk avatars (Shoals:1)
  6 anacondas
  A death knight (D:12)
  7 centaur warriors
  2 merfolk aquamancers (Shoals:4)
  A satyr (Shoals:4)
  14 dancing weapons
  3 ogre magi
  2 tengu warriors (Depths:4)
  13 two-headed ogres
  4 deep troll shamans
  5 deep troll earth magi
  6 spriggan berserkers
  2 naga sharpshooters
  3 orc high priests
  Urug (Lair:2)
  A shadow wraith (Vaults:2)
  A sun demon (Lair:6)
  6 spriggans
  2 shock serpents
  A storm dragon zombie (Depths:3)
  15 deep elf knights
  2 salamander mystics
  16 deep trolls
  5 glowing orange brains
  A flayed ghost (Depths:3)
  6 deep elf archers
  5 wizards
  2 phantasmal warriors (Depths:5)
  6 sea snakes
  4 unseen horrors
  A harpy (shapeshifter) (Vaults:3)
  15 ironbrand convokers
  A naga ritualist (Snake:4)
  6 orc knights
  52 deep elf magi
  18 harpies
  2 necromancers
  5 wolf spiders
  16 manticores
  4 mana vipers
  8 cyclopes
  An orb spider (shapeshifter) (Vaults:3)
  38 ugly things
  11 orc sorcerers
  10 fauns
  5 moths of wrath
  7 oklob plants
  Maurice (Orc:2)
  6 elephants (Lair:6)
  6 salamanders
  20 black mambas
  11 vault sentinels
  9 merfolk sirens
  4 centaur zombies
  A black mamba (shapeshifter) (Depths:3)
  A torpor snail (Lair:2)
  A water nymph (shapeshifter) (Depths:3)
  3 guardian serpents
  8 naga magi
  3 orange demons (Lair:6)
  8 water nymphs
  A gargoyle (D:13)
  A guardian serpent (shapeshifter) (Vaults:2)
  2 centaur skeletons
  A cane toad (shapeshifter) (Depths:3)
  Psyche (D:11)
  18 cane toads
  2 smoke demons
  2 spectral swamp worms (Depths:3)
  35 yaktaurs
  11 komodo dragons
  2 rime drakes
  A hellwing (Depths:3)
  A tormentor (Depths:3)
  4 freezing wraiths
  3 ice devils
  A queen bee (shapeshifter) (Vaults:4)
  A meliai (shapeshifter) (Vaults:1)
  25 merfolk
  4 polar bears
  2 trolls (shapeshifter) (Vaults:4)
  2 wind drakes (shapeshifter)
  A queen bee (Gauntlet)
  8 trolls
  13 wind drakes
  2 merfolk (shapeshifter)
  39 blink frogs
  33 saltlings (Desolation)
  7 hornets
  11 slime creatures
  12 snapping turtles
  5 dream sheep
  A tarantella (Vaults:4)
  2 centaur simulacra (D:15)
  A vampire (D:15)
  2 wraiths
  24 water elementals
  2 redbacks (Vaults:4)
  A spriggan (shapeshifter) (Vaults:4)
  7 fire elementals
  3 fire bats (Lair:1)
  43 yaks
  4 nameless horrors
  2 wyverns
  11 basilisks
  6 hogs (D:15)
  Grum (D:8)
  A golden eye (shapeshifter) (Vaults:1)
  A steam dragon (Lair:5)
  8 nagas
  7 wargs
  A warg (shapeshifter) (Vaults:4)
  23 water moccasins
  5 acid dragons
  11 hell hounds
  2 floating eyes (shapeshifter)
  46 orc warriors
  An ice beast (D:11)
  2 sky beasts
  An ettin simulacrum (Vaults:2)
  An eye of draining (shapeshifter) (Depths:4)
  4 phantoms
  21 wolves
  14 centaurs
  27 ogres
  3 big kobolds
  20 bullfrogs
  A glowing shapeshifter simulacrum (Vaults:2)
  5 earth elementals
  5 scorpions
  A scorpion (shapeshifter) (Vaults:4)
  2 water moccasin skeletons
  7 killer bees
  10 wights
  3 electric eels
  5 howler monkeys
  A lava snake (D:13)
  2 crimson imps (Depths:2)
  2 bullfrog zombies
  9 hounds
  27 orc priests
  A quasit (Depths:3)
  2 iron imps (Depths:3)
  5 jellies
  Crazy Yiuf (D:7)
  7 bullfrog skeletons
  10 iguanas
  39 orc wizards
  14 worker ants
  A bullfrog simulacrum (Gauntlet)
  A hound skeleton (D:5)
  4 worker ant zombies
  13 adders
  4 gnolls (D:5)
  2 shadow imps
  7 white imps
  4 ufetubi
  2 oozes
  An adder skeleton (D:4)
  3 adder zombies
  A worm (D:4)
  2 dart slugs (D:1)
  6 leopard geckos
  95 orcs
  8 ball pythons
  10 bats
  9 giant cockroaches
  11 goblins
  3 hobgoblins
  5 jackals
  5 quokkas
  8 frilled lizards
  22 kobolds
  10 rats
  5 tentacles
1694 creatures vanquished.

Vanquished Creatures (collateral kills)
  A juggernaut (Depths:4)
  Sojobo (Depths:1)
  3 golden dragons
  Nikola (Snake:1)
  3 liches
  An electric golem (Zot:1)
  6 tentacled monstrosities
  2 quicksilver dragons (Zot:2)
  A deep elf blademaster (Elf:3)
  A death cob (Zot:2)
  4 shadow dragons
  2 tengu reavers (Depths:1)
  A draconian monk (Zot:1)
  2 sphinxes
  A storm dragon (Depths:4)
  4 nagarajas (Snake:4)
  4 deep elf sorcerers (Elf:3)
  6 vault wardens
  A frost giant (Depths:4)
  A caustic shrike zombie (Depths:3)
  Aizul (Snake:1)
  A deep elf elementalist (Elf:3)
  2 draconian annihilators
  A very ugly thing (Depths:5)
  4 stone giants
  A spriggan defender (Depths:4)
  A bunyip (shapeshifter) (Depths:4)
  3 green draconians
  3 vampire knights
  6 spark wasps
  2 black draconians
  4 purple draconians
  3 yellow draconians (Zot:1)
  2 red draconians
  4 deep elf annihilators
  A crystal guardian (Desolation)
  5 ettins
  2 deep elf death magi (Elf:3)
  2 statues (WizLab)
  2 fire dragons (Depths:5)
  A deep elf high priest (Elf:3)
  7 naga warriors
  2 peacekeepers (Desolation)
  5 servants of whispers (Desolation)
  2 rakshasas
  4 great orbs of eyes
  4 ragged hierophants (Desolation)
  3 spriggan air magi
  An ice dragon (shapeshifter) (Depths:2)
  7 vault guards
  An ice dragon (Depths:5)
  4 anacondas
  2 centaur warriors
  A hell hog (Depths:4)
  An ogre mage (Vaults:2)
  A vampire mage (Depths:3)
  3 deep troll earth magi
  A dancing weapon (Elf:1)
  A spriggan berserker (Depths:5)
  6 naga sharpshooters
  2 shock serpents (Snake:2)
  A hell knight (Depths:4)
  A fire crab (shapeshifter) (Elf:1)
  A soul eater (Depths:3)
  A deep elf knight (Elf:1)
  An iron troll (Depths:5)
  An infernal demonspawn (Depths:3)
  5 deep trolls
  A deep elf archer (Elf:2)
  A sphinx zombie (Depths:3)
  2 naga ritualists (Snake:4)
  2 mana vipers
  An orc sorcerer (Elf:3)
  A necromancer (Depths:3)
  3 deep elf magi
  5 ugly things
  A salamander (Snake:4)
  A moth of wrath (Zot:2)
  4 vault sentinels
  7 black mambas
  3 guardian serpents
  16 naga magi
  3 spectral swamp worms (Depths:3)
  A freezing wraith (Vaults:4)
  6 yaktaurs
  A hornet (Vaults:4)
  18 saltlings (Desolation)
  A water elemental (Depths:2)
  A warg (Vaults:3)
  5 hell hounds (Depths:4)
  24 nagas
  2 nameless horrors
  An ogre (Vaults:2)
  An electric eel (Snake:1)
  A crimson imp (Depths:3)
  A quasit (Depths:3)
  A shadow imp (Depths:3)
281 creatures vanquished.

Vanquished Creatures (others)
  25 eldritch tentacles
  A tengu reaver (Depths:3)
  A deep elf elementalist (Elf:3)
  An ironheart preserver (Vaults:4)
  A purple draconian (WizLab)
  A black draconian (Zot:1)
  An ettin (Depths:2)
  A deep troll earth mage (Depths:3)
  A deep troll (Depths:3)
  A water elemental (Elf:2)
  A shadow imp (Abyss:2)
  64 fungi
  179 plants
  2 starspawn tentacles (Abyss:3)
  25 tentacles
305 creatures vanquished.

Grand Total: 2280 creatures vanquished

Notes
Turn   | Place    | Note
-------+----------+-------------------------------------------
     0 | D:1      | ringo67 the Spriggan Venom Mage began the quest for the
                  | Orb.
     0 | D:1      | Reached XP level 1. HP: 9/9 MP: 5/5
   351 | D:1      | Reached XP level 2. HP: 9/13 MP: 2/6
  1157 | D:1      | Reached XP level 3. HP: 16/16 MP: 6/8
  1946 | D:2      | Learned a level 2 spell: Poisonous Vapours
  2048 | D:2      | Reached skill level 4 in Dodging
  2273 | D:2      | Found a glowing golden altar of the Shining One.
  2292 | D:2      | Reached XP level 4. HP: 20/21 MP: 6/10
  2374 | D:2      | Found a blossoming altar of Fedhas.
  3374 | D:3      | Reached XP level 5. HP: 24/24 MP: 11/11
  3421 | D:3      | Found a stormy altar of Qazlal.
  4053 | D:4      | Reached skill level 1 in Shields
  4202 | D:4      | Found a burning altar of Makhleb.
  4296 | D:4      | Reached skill level 5 in Stealth
  4373 | D:4      | Reached skill level 5 in Dodging
  4496 | D:4      | Reached XP level 6. HP: 21/28 MP: 13/13
  5574 | D:4      | Found a shadowy altar of Dithmenos.
  5579 | D:4      | Became a worshipper of Dithmenos the Shadowed
  5665 | D:5      | Entered Level 5 of the Dungeon
  5758 | D:5      | Reached XP level 7. HP: 24/32 MP: 9/15
  5881 | D:5      | Reached skill level 1 in Air Magic
  6033 | D:5      | Found a staircase to the Ecumenical Temple.
  6263 | D:5      | Reached skill level 6 in Dodging
  6476 | D:5      | Reached skill level 5 in Spellcasting
  7715 | D:6      | Found a glowing drain.
  7832 | Sewer    | Entered a sewer
  7934 | Sewer    | Reached * piety under Dithmenos
  8129 | Sewer    | Reached XP level 8. HP: 33/36 MP: 16/16
  8367 | Sewer    | Reached skill level 5 in Poison Magic
  8485 | D:6      | Found a runed translucent door.
  8490 | D:6      | Noticed pigah's ghost (novice DsNe)
  9141 | D:6      | Found a radiant altar of Vehumet.
  9146 | D:6      | Found a basalt altar of Yredelemnul.
  9377 | D:6      | Found a shimmering altar of Xom.
  9379 | D:6      | Found a hazy altar of Hepliaklqana.
  9380 | D:6      | Noticed a spectral ugly thing
  9380 | D:6      | Noticed an unseen horror
  9530 | D:7      | Found an ancient bone altar of Kikubaaqudgha.
  9542 | D:7      | Found a sacrificial altar of Ru.
  9599 | D:7      | Reached skill level 7 in Dodging
  9976 | D:7      | Found a runed translucent door.
  9977 | D:7      | Noticed Crazy Yiuf
 10063 | D:7      | Reached ** piety under Dithmenos
 11101 | D:7      | Found an iron altar of Okawaru.
 11371 | D:7      | Killed Crazy Yiuf
 11491 | D:8      | Noticed Grum
 11629 | D:7      | Reached skill level 8 in Dodging
 12811 | D:8      | Killed Grum
 12812 | D:8      | Reached XP level 9. HP: 36/36 MP: 17/17
 13533 | D:8      | Learned a level 3 spell: Mephitic Cloud
 13538 | D:8      | Learned a level 4 spell: Olgreb's Toxic Radiance
 13675 | D:9      | Found a glowing silver altar of Zin.
 13676 | D:9      | Found an opulent altar of Gozag.
 13812 | D:9      | Reached skill level 1 in Evocations
 13875 | D:9      | Found a hide-covered altar of Uskayaw.
 13875 | D:9      | Found a snail-covered altar of Cheibriados.
 13941 | D:9      | Found a runed translucent gate.
 13941 | D:9      | Found a runed translucent gate.
 13941 | D:9      | Found a runed translucent gate.
 13943 | D:9      | Noticed a cyan very ugly thing
 13945 | D:9      | Noticed a red ugly thing
 13946 | D:9      | Noticed a white ugly thing
 13947 | D:9      | Noticed a purple ugly thing
 14112 | D:9      | Reached skill level 9 in Dodging
 14271 | D:9      | Noticed a troll
 14309 | D:9      | Killed a troll
 14682 | D:9      | Reached *** piety under Dithmenos
 14963 | D:9      | Found a shimmering blue altar of Sif Muna.
 15050 | D:10     | Entered Level 10 of the Dungeon
 15160 | D:10     | Noticed an unseen horror
 15176 | D:10     | Killed an unseen horror
 15393 | D:10     | Learned a level 4 spell: Cause Fear
 15458 | D:10     | Noticed Fannar
 15485 | D:10     | Killed Fannar
 15486 | D:10     | Reached skill level 10 in Dodging
 15486 | D:10     | Reached skill level 1 in Hexes
 15486 | D:10     | Reached XP level 10. HP: 25/41 MP: 13/18
 15839 | D:10     | Noticed a gargoyle
 15914 | D:10     | Reached skill level 5 in Evocations
 16472 | D:11     | Noticed Psyche
 16494 | D:11     | Killed Psyche
 16495 | D:11     | Reached skill level 5 in Shields
 16692 | D:11     | Noticed a boulder beetle
 16955 | D:11     | Noticed a two-headed ogre
 16986 | D:11     | Killed a two-headed ogre
 17223 | D:11     | Found Luososch's Antique Armour Shop.
 17286 | D:11     | Found Tank's Weapon Emporium.
 17287 | D:11     | Noticed a four-headed hydra
 17307 | D:11     | Killed a four-headed hydra
 17308 | D:11     | Reached skill level 11 in Dodging
 18120 | D:11     | Noticed a white ugly thing
 18160 | D:11     | Killed a white ugly thing
 18161 | D:11     | Reached XP level 11. HP: 44/44 MP: 15/19
 18277 | D:11     | Killed a boulder beetle
 18277 | D:11     | Reached **** piety under Dithmenos
 18278 | D:11     | Reached skill level 5 in Hexes
 18515 | D:11     | Noticed a four-headed hydra
 18680 | D:11     | Killed a four-headed hydra
 18982 | D:11     | Found a staircase to the Lair.
 19128 | Lair:1   | Entered Level 1 of the Lair of Beasts
 19158 | Lair:1   | Found a gate leading to a gauntlet.
 19167 | Gauntlet | Entered a Gauntlet
 19167 | Gauntlet | Found a transporter.
 19167 | Gauntlet | Found a transporter.
 19167 | Gauntlet | Found a runed translucent door.
 19167 | Gauntlet | Found a runed translucent door.
 19169 | Gauntlet | Found a transporter.
 19169 | Gauntlet | Found a transporter.
 19173 | Gauntlet | Found a transporter.
 19173 | Gauntlet | Found a transporter.
 19175 | Gauntlet | Noticed a fire crab
 19211 | Gauntlet | Found a transporter.
 19214 | Gauntlet | Noticed a reaper
 19215 | Gauntlet | Found a transporter.
 19217 | Gauntlet | Found a runed translucent gate.
 19217 | Gauntlet | Found a runed translucent gate.
 19217 | Gauntlet | Found a runed translucent gate.
 19219 | Gauntlet | Found a transporter.
 19236 | Gauntlet | Found a transporter.
 19240 | Gauntlet | Noticed a ghost crab
 19251 | Gauntlet | Found a transporter.
 19255 | Gauntlet | Found a transporter.
 19915 | Gauntlet | Identified 2 scrolls of acquirement
 19915 | Gauntlet | Acquired 1081 gold pieces
 19919 | Gauntlet | Acquired ringo67's Compendium of Frigorific Black Magic
 19939 | Gauntlet | Noticed a minotaur
 19986 | Lair:1   | Reached skill level 12 in Dodging
 20442 | Lair:1   | Reached skill level 1 in Fighting
 21234 | Lair:1   | Reached skill level 1 in Short Blades
 21696 | Lair:1   | Reached XP level 12. HP: 41/56 MP: 20/20
 22034 | Lair:1   | Reached skill level 13 in Dodging
 22168 | Lair:2   | Found a transporter.
 22202 | Lair:2   | Found a transporter.
 22215 | Lair:2   | Found a staircase to the Snake Pit.
 22685 | Lair:2   | Noticed Urug
 22712 | Lair:2   | Killed Urug
 23255 | Lair:2   | Reached skill level 5 in Short Blades
 23489 | Lair:2   | Found a staircase to the Shoals.
 24176 | Lair:3   | Reached ***** piety under Dithmenos
 24177 | Lair:3   | Reached skill level 14 in Dodging
 24784 | Lair:3   | Noticed a boulder beetle
 24799 | Lair:3   | Killed a boulder beetle
 24800 | Lair:3   | Reached skill level 10 in Stealth
 25411 | Lair:4   | Noticed an eight-headed hydra
 25437 | Lair:4   | Killed an eight-headed hydra
 25438 | Lair:4   | Reached skill level 5 in Fighting
 25438 | Lair:4   | Reached XP level 13. HP: 38/63 MP: 21/21
 25538 | Lair:4   | Noticed Rupert
 26003 | Lair:4   | Reached skill level 10 in Evocations
 26070 | Lair:4   | Learned a level 5 spell: Yara's Violent Unravelling
 26401 | Lair:4   | Reached skill level 15 in Dodging
 26813 | Lair:4   | Killed Rupert
 27796 | Lair:5   | Reached skill level 5 in Transmutations
 28491 | Lair:5   | Reached ****** piety under Dithmenos
 28858 | Lair:6   | Entered Level 6 of the Lair of Beasts
 29113 | Lair:5   | Reached XP level 14. HP: 45/70 MP: 25/25
 29337 | Lair:6   | Reached skill level 16 in Dodging
 30158 | Lair:6   | Found a staircase to the Slime Pits.
 31056 | Lair:6   | Found a burning altar of Makhleb.
 31199 | Lair:6   | Found a gateway to Hell.
 31273 | Lair:6   | Reached skill level 17 in Dodging
 31373 | Lair:6   | Got a smoking iron amulet
 31374 | Lair:6   | Identified the amulet of Evujoleda {Inacc rC+} (You found
                  | it on level 6 of the Lair of Beasts)
 32644 | D:6      | Reached skill level 15 in Stealth
 33203 | D:12     | Noticed Gastronok
 33376 | D:12     | Killed Gastronok
 33766 | D:12     | Found a staircase to the Orcish Mines.
 34533 | D:12     | Found a runed translucent gate.
 34534 | D:12     | Found a runed translucent gate.
 34534 | D:12     | Found a runed translucent gate.
 34535 | D:12     | Noticed runemasterragnar's ghost (journeyman GrDe)
 35041 | Orc:1    | Entered Level 1 of the Orcish Mines
 35269 | Orc:2    | Entered Level 2 of the Orcish Mines
 35269 | Orc:2    | Found a staircase to the Elven Halls.
 35291 | Orc:2    | Noticed Snorg
 35338 | Orc:2    | Killed Snorg
 35447 | Orc:2    | Noticed Maurice
 35456 | Orc:2    | Killed Maurice
 35749 | Orc:2    | Reached XP level 15. HP: 78/78 MP: 24/26
 35811 | Orc:2    | Noticed Jorgrun
 36140 | Orc:2    | Banished Jorgrun
 36141 | Orc:2    | Reached skill level 18 in Dodging
 36314 | Orc:2    | Found Horchupp's Armour Shoppe.
 36314 | Orc:2    | Found Noes's Distillery.
 36314 | Orc:2    | Found Ziqikh's Book Emporium.
 36319 | Orc:2    | Found Seiwae's Distillery.
 36445 | Orc:2    | Bought a book of Party Tricks for 800 gold pieces
 36452 | Orc:2    | Learned a level 6 spell: Invisibility
 36488 | Orc:2    | Found Taofetuu's Distillery.
 37990 | D:13     | Found Cuoqicyd's General Store.
 38393 | D:14     | Found a gate to the Vaults.
 40127 | D:15     | Entered Level 15 of the Dungeon
 40156 | D:15     | Noticed Kirke
 40177 | D:15     | Banished Kirke
 40379 | D:15     | Noticed Roxanne
 41004 | D:15     | Found a staircase to the Depths.
 41980 | Shoals:1 | Entered Level 1 of the Shoals
 42274 | Shoals:1 | Reached skill level 10 in Fighting
 42275 | Shoals:1 | Reached skill level 19 in Dodging
 42914 | Shoals:1 | Reached XP level 16. HP: 69/85 MP: 30/30
 44329 | Shoals:2 | Noticed a kraken
 45648 | Shoals:2 | Reached skill level 10 in Spellcasting
 45648 | Shoals:2 | Reached skill level 10 in Hexes
 46831 | Shoals:2 | Killed a kraken
 50393 | Shoals:2 | Reached skill level 20 in Dodging
 51433 | Shoals:4 | Entered Level 4 of the Shoals
 54890 | Shoals:4 | Got a barnacled rune of Zot
 55020 | Shoals:4 | Noticed a kraken
 56093 | Shoals:4 | Identified the ring "Hifem" {rC+ rN+ Int-4 SInv}
 56195 | Snake:1  | Entered Level 1 of the Snake Pit
 56393 | Shoals:3 | Reached XP level 17. HP: 56/91 MP: 31/33
 56685 | Shoals:4 | Killed a kraken
 58736 | Shoals:4 | Found a glowing golden altar of the Shining One.
 58987 | Shoals:4 | Found Gaocloo's Assorted Antiques.
 59685 | Shoals:4 | Identified the ring "Atuil" {rPois rN+ MR+} (You found it
                  | on level 4 of the Shoals)
 59829 | Lair:2   | Got a flickering platinum ring
 59885 | Lair:2   | Identified the ring "Nats" {+Fly rF+} (You found it on
                  | level 2 of the Lair of Beasts)
 60105 | Orc:2    | Bought a book of Summonings for 1120 gold pieces
 60107 | Orc:2    | Learned a level 1 spell: Shock
 60113 | Orc:2    | Learned a level 5 spell: Summon Mana Viper
 60459 | Snake:1  | Reached skill level 1 in Summonings
 60749 | Snake:1  | Learned a level 2 spell: Blink
 60816 | Snake:1  | Noticed Agnes
 60865 | Snake:1  | Killed Agnes
 61291 | Snake:1  | Noticed Nikola
 61292 | Snake:1  | Noticed Aizul
 61358 | Snake:1  | Killed Nikola
 61419 | Snake:1  | Killed Aizul
 61768 | Snake:1  | Reached skill level 21 in Dodging
 61779 | Snake:1  | Noticed Azrael
 61791 | Snake:1  | Killed Azrael
 64584 | Snake:3  | Noticed Saint Roka
 65014 | Snake:2  | Killed Saint Roka
 66008 | Snake:3  | Found Gyly's Antique Armour Shoppe.
 66376 | Snake:4  | Entered Level 4 of the Snake Pit
 66693 | Snake:4  | Found Ruzxia's Magic Scroll Boutique.
 66701 | Snake:4  | Bought a scroll of acquirement for 1040 gold pieces
 66701 | Snake:4  | Acquired the +9 quick blade "Dymmaul" {pain, rC+ MR+}
 66707 | Snake:4  | Learned a level 1 spell: Animate Skeleton
 67214 | Snake:4  | Reached skill level 1 in Necromancy
 67371 | Snake:4  | Reached XP level 18. HP: 98/98 MP: 20/35
 71087 | Snake:4  | Got a serpentine rune of Zot
 71837 | Vaults:1 | Entered Level 1 of the Vaults
 71897 | Vaults:1 | Found Ymmigoac's Gadget Shop.
 71912 | Vaults:1 | Found a ruined gateway.
 72006 | Desolati | Entered the Desolation of Salt
 72209 | Desolati | Reached skill level 5 in Necromancy
 72554 | Desolati | Identified the ring of Jasiq {MR+ Str+6} (You found it in
                  | the Desolation of Salt)
 72557 | Desolati | Identified Nackeuv's Guide on Supportive Stones
 72574 | Desolati | Identified the Tome of Earthen Poisoning
 73264 | Desolati | Identified the ring of Doloafe {+Inv rN+ MP+9 Str-5 SInv}
                  | (You found it in the Desolation of Salt)
 73271 | Desolati | Identified the Catalogue of the Oath
 75052 | Desolati | Identified the Compendium of Earthen Displacement
 75057 | Desolati | Identified Kuaram Ucou's Reference Book on Scorching
                  | Dislocation
 75067 | Desolati | Learned a level 7 spell: Malign Gateway
 75114 | Desolati | Reached skill level 1 in Translocations
 75466 | Vaults:1 | Bought a condenser vane for 680 gold pieces
 75596 | Vaults:1 | Found Wekorefou's Weapon Shop.
 76308 | Vaults:1 | Found Jelahar's Jewellery Boutique.
 76723 | Vaults:1 | Reached XP level 19. HP: 102/102 MP: 36/36
 76777 | Vaults:1 | Reached skill level 5 in Summonings
 76919 | Vaults:1 | Reached skill level 5 in Translocations
 77350 | Vaults:1 | Reached skill level 22 in Dodging
 79633 | Vaults:2 | Reached skill level 1 in Invocations
 80595 | Vaults:3 | Reached skill level 10 in Translocations
 80998 | Vaults:3 | Found a staircase to the Crypt.
 80998 | Vaults:3 | Found a basalt altar of Yredelemnul.
 80999 | Vaults:3 | Found an ancient bone altar of Kikubaaqudgha.
 81623 | Vaults:3 | Noticed Mennas
 83196 | Vaults:4 | Reached XP level 20. HP: 109/109 MP: 37/37
 84414 | Vaults:4 | Reached skill level 5 in Invocations
 84798 | Vaults:4 | Found Axetsayt's Weapon Emporium.
 86442 | Vaults:4 | Identified the ring of Maupluh {*Slow AC+4 Int-2 Dex+8
                  | Stlth+}
 86684 | Elf:1    | Entered Level 1 of the Elven Halls
 86895 | Elf:1    | Noticed Louise
 86898 | Elf:1    | Killed Louise
 89111 | Elf:2    | Found a transporter.
 89111 | Elf:2    | Found a transporter.
 89111 | Elf:2    | Noticed Nuryot's ghost (veteran DsGl)
 89316 | Elf:2    | Found Sicseow's Jewellery Emporium.
 89319 | Elf:2    | Bought a +4 ring of protection for 540 gold pieces
 89935 | Elf:2    | Identified the +3 ice dragon scales of Cocytus {rPois rF-
                  | rC++ Str+3} (You found it on level 2 of the Elven Halls)
 90017 | Elf:2    | Found a runed translucent door.
 90042 | Elf:2    | Found a runed translucent door.
 90239 | Elf:3    | Entered Level 3 of the Elven Halls
 90341 | Elf:3    | Found a magical portal.
 90348 | Elf:3    | Reached XP level 21. HP: 115/115 MP: 33/38
 90367 | WizLab   | Entered Iskenderun's Mystic Tower
 91443 | WizLab   | Identified Iskenderun's Incunabulum of Attacks
 91443 | WizLab   | Identified Iskenderun's Compendium of Confrontation
 91452 | WizLab   | Identified the Tome of Harmful Companions
 91452 | WizLab   | Identified the Compendium of Evil and Flight
 93098 | Elf:3    | Identified the cursed +0 crystal plate armour of Compassion
                  | {+Blink rF+}
 93100 | Elf:3    | Identified the +2 robe of Greed {rC+ rN++ rCorr Slay-2}
 93500 | Elf:3    | Identified the ring "Nizaereru" {EV+4 Str+2}
 93508 | Elf:3    | Identified the cursed ring "Jiudeafe" {rF+ MP-9 Str+8
                  | Dex-4}
 93660 | Elf:3    | Reached skill level 15 in Translocations
 94046 | Elf:3    | Reached skill level 10 in Summonings
 94061 | Elf:3    | Reached skill level 23 in Dodging
 94302 | Depths:1 | Entered Level 1 of the Depths
 94340 | Depths:1 | Noticed Sojobo
 94368 | Depths:1 | HP: 1/116 [tengu reaver/bolt of lightning[Sojobo] (45)]
 94878 | Depths:1 | Killed Sojobo
 94947 | Depths:1 | Found a one-way gate to the infinite horrors of the Abyss.
 97130 | Depths:2 | Reached skill level 15 in Fighting
 97261 | Depths:2 | Found a one-way gate leading to the halls of Pandemonium.
 97324 | Depths:2 | Reached XP level 22. HP: 86/122 MP: 21/39
 97653 | Depths:2 | Found a transporter.
 97655 | Depths:2 | Noticed a juggernaut
 97668 | Depths:2 | Noticed a golden dragon
 97668 | Depths:2 | Noticed a juggernaut
 97670 | Depths:2 | Found a transporter.
 99120 | Depths:3 | Noticed a golden dragon
 99732 | Depths:3 | Found a gateway to a ziggurat.
 99867 | Depths:3 | Identified the +6 mace of Qifopt {vamp, rElec rC- MR++
                  | SInv}
100264 | Depths:3 | Killed a golden dragon
101022 | Depths:3 | Identified the Catalogue of Mutagenic Confrontation
101246 | Depths:3 | Reached skill level 24 in Dodging
104359 | Depths:4 | Noticed a caustic shrike
104367 | Depths:4 | Killed a caustic shrike
104390 | Depths:4 | Noticed a golden dragon
104399 | Depths:4 | Killed a golden dragon
104459 | Depths:4 | Identified the amulet "Fael" {Reflect rElec rF+ rC+ Dex-5
                  | SH+5} (You found it on level 4 of the Depths)
104556 | Depths:4 | Noticed a caustic shrike
104558 | Depths:4 | Noticed a golden dragon
104570 | Depths:4 | Killed a caustic shrike
104584 | Depths:4 | Killed a golden dragon
105103 | Depths:4 | Noticed a golden dragon
105116 | Depths:4 | Killed a golden dragon
105118 | Depths:4 | Reached XP level 23. HP: 101/128 MP: 24/40
105763 | Depths:4 | Noticed a juggernaut
105789 | Depths:4 | Killed a juggernaut
105790 | Depths:4 | Reached skill level 25 in Dodging
106508 | Depths:5 | Entered Level 5 of the Depths
106890 | Depths:5 | Found a gate to the Realm of Zot.
109237 | Depths:5 | Learned a level 1 spell: Apportation
109423 | Depths:1 | Voluntarily entered the Abyss.
109519 | Abyss:2  | Found a corrupted altar of Lugonu.
109730 | Abyss:3  | Got an abyssal rune of Zot
109824 | Depths:1 | Escaped the Abyss
110008 | Zot:1    | Entered Level 1 of the Realm of Zot
111756 | Zot:1    | Reached skill level 26 in Dodging
112349 | Zot:2    | Gained mutation: Your muscles are strong. (Str +2)
                  | [mutagenic glow]
112369 | Zot:2    | Reached XP level 24. HP: 63/136 MP: 23/40
113429 | Zot:1    | Gained mutation: Your spells are a little easier to cast,
                  | but a little less powerful. [mutagenic glow]
115525 | Zot:4    | HP: 6/136 [tentacled monstrosity (4)]
115526 | Zot:4    | Killed from afar by a purple draconian

Illustrated notes

Levels and vault maps discovered:
D:1:      nagdon_arrival_double_spiral, layout_loops_ring, st_stairs_12,
          minmay_misc_feat_nine_boxes, minivault_26
D:2:      layout_basic, general_overflow_altar, overflow_temple_1_default
D:3:      layout_loops_ring, grunt_ministairs_14,
          nicolae_qazlal_eye_of_the_storm
D:4:      layout_gridville, marbit_many_paths, kennysheep_mini, minmay_mini_jars
D:5:      layout_basic, temple_doors_ab
D:6:      kennysheep_six_static_rooms, layout_basic,
          regret_index_temple_of_mockery, lemuel_crystal_altar,
          lemuel_crystal_altar, serial_glass, glass_columns_c, glass_columns_a,
          gup_sewer_entry_glass, ebering_ghost_sewer_d, minmay_misc_feat_five,
          kennysheep_diamond
D:7:      layout_gridville, kennysheep_okawaru_gauntlet,
          grunt_temple_overflow_open, enter_ossuary_2, grunt_decor_arrowhead,
          uniq_crazy_yiuf_cottage
D:8:      layout_cave_pools, corexii_corridor_pit, uniq_grum
D:9:      layout_roguey, grunt_temple_overflow_gold_and_silver,
          amethyst_overflow_temple_binary, lemuel_coloured_pillars_altar,
          ploomutoo_gammafunk_ghost_potion_laboratory
D:10:     layout_loops_ring, uniq_fannar
D:11:     minmay_polygon_palace, layout_loops_ring,
          grunt_lair_entry_orc_guard_hut, serial_shops,
          nicolae_shop_behind_doors, kennysheep_little_box, uniq_psyche
D:12:     layout_loops_ring, orc_0_dummy, ebering_ghost_rock_garden,
          uniq_gastronok
D:13:     layout_cross, serial_shops, shop, kennysheep_generic_room_4
D:14:     layout_basic, david_vaults_1, serial_bayou_pond_d
D:15:     grunt_enter_depths_magical_seal, layout_loops_cross, uniq_kirke,
          uniq_roxanne
Lair:1:   layout_regular_city, nicolae_volcano_entry_batcave,
          gauntlet_entry_generic, grunt_megastairs_1, lemuel_fruit_tree
Lair:2:   gammafunk_cloud_chamber, layout_regular_city,
          minmay_shoals_entry_beasts, guppyfry_snake_entry_island,
          beast_lair_carwin_9, infiniplex_staircase_pool,
          minmay_lair_oklob_chamber, uniq_urug
Lair:3:   layout_cave_pods
Lair:4:   layout_regular_city, st_stairs_7, kennysheep_basilisk_garden,
          serial_bayou_shore_a, infiniplex_staircase_pool_2, uniq_rupert
Lair:5:   layout_cave_shapes
Lair:6:   evil_forest, layout_long_grid, minmay_slime_entry_oklob_open
Shoals:1: layout_shoals, overgrown_tower
Shoals:2: layout_shoals, ldierk_geyser
Shoals:3: layout_shoals, nicolae_shoals_stone_sculpture_thing
Shoals:4: shoals_end_simple, layout_shoals, serial_shops, shop,
          lemuel_centaur_altar
Snake:1:  layout_cave_shapes, serial_bayou_pond_b, grunt_megastairs_2,
          uniq_azrael, uniq_aizul, uniq_nikola, uniq_agnes
Snake:2:  layout_onion_interference
Snake:3:  layout_layer_cave, serial_shops, shop, uniq_saint_roka
Snake:4:  snake_pit, layout_cave_town, serial_shops, nicolae_shop_statue_plus
Orc:1:    layout_diamond_mine
Orc:2:    st_orc_mages, layout_caves, serial_shops, shop, uniq_jorgrun,
          uniq_maurice, uniq_snorg
Elf:1:    layout_onion_city, uniq_louise
Elf:2:    layout_geoelf_grid, serial_shops, nicolae_shop_behind_doors,
          gammafunk_ghost_arena
Elf:3:    grunt_elf_hall_spiral, layout_gridlike, mu_enter_wizlab_1
Vaults:1: v_misc_29, ontoclasm_vaults_decontamination, v_misc_13, v_rooms_2,
          v_pattern_2, hangedman_vaults_trim, ontoclasm_vaults_pinch,
          nicolae_vaults_angled_halls, layout_vaults_chaotic_city,
          portal_desolation_entry_nicolae_slug, serial_shops,
          nicolae_shop_waterfront, nicolae_shop_crystal, nicolae_shop_waterfront
Vaults:2: nicolae_vaults_network_barrier, vaults_dpeg_cross,
          ontoclasm_vaults_spin, nicolae_vaults_network_quincunx
          [nicolae_vaults_network_quincunx_subvault,
          nicolae_vaults_network_quincunx_subvault,
          nicolae_vaults_network_quincunx_subvault,
          nicolae_vaults_network_quincunx_subvault,
          nicolae_vaults_network_quincunx_subvault],
          nicolae_vaults_circle_grid_b, nicolae_vaults_halls_meeting,
          nicolae_vaults_circle_grid_b, nicolae_vaults_network_quinsquares
          [nicolae_vaults_network_quincunx_subvault,
          nicolae_vaults_network_quincunx_subvault,
          nicolae_vaults_network_quincunx_subvault,
          nicolae_vaults_network_quincunx_subvault], layout_vaults_omnigrid
Vaults:3: vaults_mumra_hex, nicolae_vaults_murderbox,
          minmay_crypt_entry_necro_gods, ontoclasm_vaults_shuriken,
          ontoclasm_vaults_idyll, ontoclasm_vaults_idyll, vaults_room_corners,
          vaults_standard_mumra_enter_the_diamond, vaults_room_pools,
          ontoclasm_vaults_gateway, nicolae_vaults_big_angled_halls, v_misc_15,
          grunt_vaults_diagonal, vaults_dpeg_diagonal,
          nicolae_vaults_specimen_jars, nicolae_vaults_mini_display_case,
          nicolae_vaults_ring_of_whatevers, layout_vaults_ring, uniq_mennas
Vaults:4: st_greater_box_5, nicolae_vaults_gold_heap,
          nicolae_vaults_circle_grid_b, nicolae_vaults_what_the_h,
          nicolae_vaults_triangles, v_misc_30, ontoclasm_vaults_chip,
          v_pattern_5, dpeg_vaults_monster_box, nicolae_vaults_hallways_thing,
          grunt_vaults_hallway_short, vaults_room_door_ring,
          layout_vaults_omnibox, serial_shops, shop
Depths:1: layout_gridlike, abyss_entry, hangedman_decor_lopped, hell_entry,
          minivault_1, chequers_big_river, minmay_misc_feat_rows,
          chequers_serial_rivers_micro_b, minmay_microvault, uniq_sojobo
Depths:2: gammafunk_sealed_arena, layout_basic, pan_entry,
          pf_dread_powers_of_hell, grunt_decor_one_mirror
Depths:3: grunt_x_marks_the_spot, layout_basic, enter_ziggurat_c,
          pf_hell_entry_tar_river, hangedman_abyss_entry_splay,
          grunt_pan_entry_in_and_out, kennysheep_windowed_goal
Depths:4: minmay_central_circle, layout_gridlike, grunt_hell_horde,
          grunt_pan_entry_sceptre, abyss_entry, columned_hall_lemuel
Depths:5: evilmike_zot_entry_argh, layout_gridlike, hell_entry
Zot:1:    layout_onion_interference, grunt_megastairs_4
Zot:2:    layout_misc_corridors, nicolae_zot_crop_circle
Zot:3:    layout_onion
Zot:4:    ebering_klown_carousel, layout_misc_corridors

Skill      XL: |  1  2  3  4  5  6  7  8  9 10 11 12 13 14 15 16 17 18 19 20 21 22 23 |
---------------+----------------------------------------------------------------------+-----
Spellcasting   | 3 4 5 7 9 11 12 | 12.5
Stealth        | 4 5 6 7 9 10 12 15 16 17 19 21 23 | 23.9
Dodging        | 4 5 6 8 10 11 12 14 15 17 19 20 21 22 23 24 26 | 26.4
Shields        | 1 2 3 4 5 6 7 |  7.2
Poison Magic   | 4 5 7 8 9 |  9.0
Air Magic      | 2 3 4 |  4.0
Evocations     | 4 6 8 9 10 | 10.0
Hexes          | 1 4 6 7 9 11 12 | 12.6
Fighting       | 2 5 6 8 10 11 12 13 14 15 16 17 | 17.1
Short Blades   | 2 6 8 |  8.0
Transmutations | 5 |  5.0
Summonings     | 4 7 8 10 | 10.7
Necromancy     | 1 6 |  6.8
Translocations | 4 10 13 15 | 15.4
Invocations    | 3 7 8 |  8.4

Action                   |  1- 3 |  4- 6 |  7- 9 | 10-12 | 13-15 | 16-18 | 19-21 | 22-24 || total
-------------------------+-------+-------+-------+-------+-------+-------+-------+-------++-------
Melee: Dagger            |    40 |    26 |       |   268 |   780 |   808 |       |       ||  1922
       Unarmed           |     1 |       |       |       |       |       |       |       ||     1
       Short sword       |       |    76 |   166 |       |       |       |       |       ||   242
       Quarterstaff      |       |       |   104 |    14 |       |       |       |       ||   118
       Quick blade       |       |       |       |       |       |   795 |  1605 |  1061 ||  3461
 Cast: Sting             |    45 |    92 |   152 |   152 |    72 |    28 |       |       ||   541
       Poisonous Vapours |       |    13 |   119 |   152 |   153 |    40 |       |     1 ||   478
       Olgreb's Toxic Ra |       |       |       |    33 |   201 |   212 |    96 |    16 ||   558
       Cause Fear        |       |       |       |     6 |       |    12 |       |     1 ||    19
       Mephitic Cloud    |       |       |       |     1 |     3 |     1 |       |       ||     5
       Yara's Violent Un |       |       |       |       |     2 |       |       |       ||     2
       Invisibility      |       |       |       |       |       |    27 |    58 |    35 ||   120
       Summon Mana Viper |       |       |       |       |       |   208 |   177 |   141 ||   526
       Blink             |       |       |       |       |       |     1 |       |     1 ||     2
       Malign Gateway    |       |       |       |       |       |       |     3 |    23 ||    26
       Apportation       |       |       |       |       |       |       |       |     1 ||     1
Invok: Shadow Step       |       |       |       |     1 |       |       |       |       ||     1
Evoke: Wand              |       |       |     1 |     4 |    76 |    11 |     2 |     1 ||    95
       Phial of floods   |       |       |       |       |       |     1 |       |       ||     1
       Condenser vane    |       |       |       |       |       |       |     1 |     1 ||     2
  Use: Scroll            |       |       |    22 |    10 |     7 |    20 |    10 |     3 ||    72
       Potion            |       |       |     1 |     4 |     1 |     8 |     2 |     1 ||    17
 Stab: Sleeping          |     2 |     4 |     8 |    25 |    59 |   105 |   179 |   107 ||   489
       Distracted        |       |       |     1 |       |     4 |    32 |    29 |    23 ||    89
       Confused          |       |       |       |     1 |       |     1 |       |       ||     2
       Paralysed         |       |       |       |     1 |       |       |       |     2 ||     3
       Invisible         |       |       |       |       |       |    27 |   107 |    63 ||   197
       Petrifying        |       |       |       |       |       |       |       |     1 ||     1
Armor: Robe              |     5 |    10 |    16 |     5 |    13 |    25 |     6 |    48 ||   128
       Acid dragon scale |       |       |       |       |       |     9 |    32 |       ||    41
Dodge: Dodged            |    45 |   113 |   431 |   369 |   497 |  1376 |   474 |   548 ||  3853
Block: Buckler           |       |       |       |    48 |   210 |   497 |   189 |   241 ||  1185
       Reflection        |       |       |       |       |       |       |       |     1 ||     1

Table legend: (Time is in decaauts)
 A = Elapsed time spent in this place.
 B = Non-inter-level travel time spent in this place.
 C = Inter-level travel time spent in this place.
 D = Time resting spent in this place.
 E = Time spent auto-exploring this place.
 F = Levels seen in this place.
 G = Mean time per level.
                   A        B        C        D        E       F      G
               +--------+--------+--------+--------+--------+-----+--------+
         Total |  96502 |  94095 |   2407 |  51164 |  25429 |  54 | 1787.1 |
       Dungeon |  22107 |  21246 |    861 |   9638 |   8136 |  15 | 1473.8 |
          Lair |  10305 |   9816 |    489 |   2886 |   4886 |   6 | 1717.5 |
        Shoals |  16359 |  16116 |    243 |  11636 |   1607 |   4 | 4089.8 |
     Snake Pit |   9533 |   9368 |    165 |   5445 |   2242 |   4 | 2383.2 |
  Orcish Mines |   2024 |   1922 |    102 |    745 |    592 |   2 | 1012.0 |
   Elven Halls |   5229 |   5158 |     71 |   3104 |   1134 |   3 | 1743.0 |
        Vaults |   8996 |   8864 |    132 |   4355 |   2642 |   4 | 2249.0 |
        Depths |  12158 |  11851 |    307 |   6945 |   3140 |   5 | 2431.6 |
           Zot |   4699 |   4666 |     33 |   3261 |    685 |   4 | 1174.8 |
         Abyss |    248 |    248 |      0 |      0 |      0 |   3 |   82.7 |
         Sewer |    494 |    494 |      0 |    106 |    233 |   1 |  494.0 |
        Wizlab |    931 |    931 |      0 |    665 |      0 |   1 |  931.0 |
    Desolation |   2699 |   2699 |      0 |   1837 |    127 |   1 | 2699.0 |
      Gauntlet |    713 |    713 |      0 |    535 |      0 |   1 |  713.0 |
               +--------+--------+--------+--------+--------+-----+--------+

Top non-repeatable levels by time:
Shoals:3: 6567 daAuts
Shoals:2: 5067 daAuts
 Snake:4: 4475 daAuts
Depths:3: 4046 daAuts
    D:11: 2835 daAuts
Vaults:4: 2758 daAuts
Depths:4: 2713 daAuts
Desolation: 2699 daAuts
Vaults:2: 2686 daAuts
   Zot:1: 2603 daAuts
Shoals:1: 2382 daAuts
     D:7: 2376 daAuts
  Lair:2: 2365 daAuts
Depths:5: 2344 daAuts
Shoals:4: 2342 daAuts
